[Event "FICS rated blitz game"]
[Site "FICS freechess.org"]
[FICSGamesDBGameNo "20002008"]
[White "firestorm"]
[Black "Bassclar"]
[WhiteElo "1602"]
[BlackElo "1756"]
[WhiteRD "na"]
[BlackRD "na"]
[TimeControl "180+0"]
[Date "1999.09.22"]
[Time "15:54:00"]
[WhiteClock "0:03:00.000"]
[BlackClock "0:03:00.000"]
[ECO "C50"]
[PlyCount "99"]
[Result "1-0"]

1. e4 e5 2. Nf3 Nc6 3. Bc4 Nf6 4. Nc3 Bc5 5. d3 d6 6. Bg5 Be6 7. Qd2 h6 8. Bh4 g5 9. Nxg5 hxg5 10. Bxg5 Qe7 11. Nd5 Bxd5 12. exd5 Nd4 13. c3 Nf5 14. O-O-O O-O-O 15. Rhe1 Rdg8 16. d4 Bb6 17. dxe5 dxe5 18. f4 Rxg5 19. fxg5 Ng4 20. h3 Be3 21. Rxe3 Ngxe3 22. Re1 Nxc4 23. g4 Nfd6 24. b3 Nb6 25. c4 Nd7 26. Qd3 e4 27. Qd4 Kb8 28. Qxh8+ Nc8 29. Qh7 a6 30. Rxe4 Qa3+ 31. Kb1 Nd6 32. Re7 Nc5 33. Qh8+ Ka7 34. h4 Nd3 35. Qc3 Nb4 36. Re2 a5 37. h5 a4 38. h6 axb3 39. axb3 Ne4 40. Rxe4 Qa2+ 41. Kc1 Qa3+ 42. Kd2 Qa2+ 43. Ke3 Qg2 44. Qxb4 Qg3+ 45. Kd4 Qf2+ 46. Ke5 Qg3+ 47. Kf6 Qd6+ 48. Qxd6 cxd6 49. Re7 Kb6 50. Rxf7 {Black resigns} 1-0

[Event "FICS rated blitz game"]
[Site "FICS freechess.org"]
[FICSGamesDBGameNo "20002007"]
[White "Fantomen"]
[Black "Chagoyo"]
[WhiteElo "1900"]
[BlackElo "1820"]
[WhiteRD "na"]
[BlackRD "na"]
[TimeControl "180+0"]
[Date "1999.09.22"]
[Time "14:48:00"]
[WhiteClock "0:03:00.000"]
[BlackClock "0:03:00.000"]
[ECO "B98"]
[PlyCount "102"]
[Result "0-1"]

1. e4 c5 2. Nf3 d6 3. d4 cxd4 4. Nxd4 Nf6 5. Nc3 a6 6. Bg5 e6 7. f4 Be7 8. Qf3 Qc7 9. O-O-O Bd7 10. g4 Nc6 11. Nb3 O-O 12. Bd3 Rfc8 13. h4 Nb4 14. Rde1 Nxd3+ 15. Qxd3 b5 16. Ne2 b4 17. Ned4 a5 18. Kb1 a4 19. Nd2 b3 20. cxb3 axb3 21. N2xb3 Qa7 22. a3 Ba4 23. Rc1 Bxb3 24. Nxb3 Nxg4 25. Bxe7 Qxe7 26. Qg3 Nf6 27. Rhg1 g6 28. Nd4 Nxe4 29. Qe3 d5 30. Nc6 Qxh4 31. Ne5 Qh2 32. Ng4 Rxc1+ 33. Rxc1 Qd2 34. Nf6+ Kg7 35. Nh5+ Kf8 36. Qb6 Qd3+ 37. Ka1 gxh5 38. Qb4+ Kg7 39. Rg1+ Kf6 40. Qe1 Ke7 41. Qb4+ Kf6 42. Qe1 Ke7 43. Qh4+ f6 44. Qxh5 Rxa3+ 45. bxa3 Qxa3+ 46. Kb1 Qb3+ 47. Kc1 Qc3+ 48. Kb1 Nd2+ 49. Ka2 Qb3+ 50. Ka1 Qc3+ 51. Ka2 Qa5+ {White forfeits on time} 0-1

[Event "FICS rated blitz game"]
[Site "FICS freechess.org"]
[FICSGamesDBGameNo "20002006"]
[White "nodraw"]
[Black "kisa"]
[WhiteElo "1542"]
[BlackElo "1570"]
[WhiteRD "na"]
[BlackRD "na"]
[TimeControl "120+12"]
[Date "1999.09.22"]
[Time "14:12:00"]
[WhiteClock "0:02:00.000"]
[BlackClock "0:02:00.000"]
[ECO "C62"]
[PlyCount "86"]
[Result "0-1"]

1. e4 e5 2. Nf3 Nc6 3. Bb5 d6 4. d4 exd4 5. Nxd4 Bd7 6. O-O Nxd4 7. Bxd7+ Qxd7 8. Qxd4 Nf6 9. Re1 Be7 10. Nc3 O-O 11. Bf4 Rfe8 12. Nd5 h6 13. Rad1 a6 14. e5 Nxd5 15. Qxd5 c6 16. Qd2 d5 17. c4 Rad8 18. cxd5 Qxd5 19. Qxd5 Rxd5 20. Rxd5 cxd5 21. Be3 Rc8 22. Rc1 Rxc1+ 23. Bxc1 Bc5 24. b3 Bd4 25. Bf4 g5 26. Bg3 Kg7 27. Kf1 Kg6 28. f4 Kf5 29. fxg5 hxg5 30. Ke2 Ke4 31. h4 gxh4 32. Bxh4 Bxe5 33. Bf2 d4 34. Be1 Bf4 35. a4 Be3 36. Ba5 d3+ 37. Kd1 b6 38. Bc3 Kf4 39. b4 Kg3 40. Bd2 Bxd2 41. Kxd2 f5 42. Kxd3 f4 43. Ke2 Kxg2 {White resigns} 0-1

[Event "FICS rated lightning game"]
[Site "FICS freechess.org"]
[FICSGamesDBGameNo "20002004"]
[White "trelling"]
[Black "Hartung"]
[WhiteElo "1634"]
[BlackElo "1918"]
[WhiteRD "na"]
[BlackRD "na"]
[TimeControl "60+0"]
[Date "1999.09.22"]
[Time "14:07:00"]
[WhiteClock "0:01:00.000"]
[BlackClock "0:01:00.000"]
[ECO "D00"]
[PlyCount "58"]
[Result "0-1"]

1. d4 d5 2. e3 e6 3. Bd3 f5 4. f4 Nc6 5. Nf3 Nf6 6. c3 Ne4 7. Bxe4 fxe4 8. Ne5 Nxe5 9. fxe5 Be7 10. O-O c5 11. Qh5+ g6 12. Qh3 c4 13. b3 b5 14. a4 Kd7 15. axb5 Qe8 16. bxc4 Kc7 17. cxd5 exd5 18. Qh4 Bxh4 19. g3 Bg5 20. c4 Rf8 21. Rxf8 Qxf8 22. c5 Qf3 23. b6+ axb6 24. Rxa8 Bxe3+ 25. Bxe3 Qxe3+ 26. Kg2 Qf3+ 27. Kg1 Bh3 28. Ra7+ Kb8 29. Ra2 Qf1# {White checkmated} 0-1

[Event "FICS rated standard game"]
[Site "FICS freechess.org"]
[FICSGamesDBGameNo "20002003"]
[White "luxlogica"]
[Black "Summerwind"]
[WhiteElo "1690"]
[BlackElo "1847"]
[WhiteRD "na"]
[BlackRD "na"]
[TimeControl "900+10"]
[Date "1999.09.22"]
[Time "13:43:00"]
[WhiteClock "0:15:00.000"]
[BlackClock "0:15:00.000"]
[ECO "A85"]
[PlyCount "92"]
[Result "0-1"]

1. d4 f5 2. c4 Nf6 3. Nc3 e6 4. a3 d5 5. e3 Nc6 6. Nf3 Be7 7. Bd3 O-O 8. O-O Bd7 9. cxd5 exd5 10. Qc2 Qc8 11. Nh4 Ng4 12. Nf3 Nf6 13. Re1 Be6 14. b4 Ng4 15. h3 Nf6 16. b5 Nd8 17. Ne5 c5 18. bxc6 Nxc6 19. Nxc6 Qxc6 20. Bd2 Nd7 21. Bb5 Qd6 22. Reb1 Rac8 23. Qb3 Nb6 24. Na4 Nc4 25. Bxc4 Rxc4 26. Bb4 Qc7 27. Bxe7 Qxe7 28. Nc5 b6 29. Nd3 Rfc8 30. Ne5 Rc2 31. Ra2 Rc1+ 32. Rxc1 Rxc1+ 33. Kh2 Qc7 34. g3 Qc8 35. h4 Rc3 36. Qd1 Rc7 37. a4 Rc1 38. Qh5 Qf8 39. a5 b5 40. a6 b4 41. Rb2 Rc7 42. Rxb4 g6 43. Qg5 Rc2 44. Kg2 Qxb4 45. Qd8+ Qf8 46. Qxf8+ Kxf8 {White resigns} 0-1

[Event "FICS rated blitz game"]
[Site "FICS freechess.org"]
[FICSGamesDBGameNo "20002001"]
[White "dcampa"]
[Black "HooK"]
[WhiteElo "1679"]
[BlackElo "1672"]
[WhiteRD "na"]
[BlackRD "na"]
[TimeControl "180+0"]
[Date "1999.09.22"]
[Time "12:56:00"]
[WhiteClock "0:03:00.000"]
[BlackClock "0:03:00.000"]
[ECO "A00"]
[PlyCount "60"]
[Result "0-1"]

1. h3 d5 2. a3 c5 3. g3 Nc6 4. Bg2 e5 5. b3 Be6 6. Bb2 Nf6 7. d3 Bd6 8. e3 Qc7 9. Nd2 O-O 10. Ne2 Nd7 11. f4 exf4 12. Nxf4 Rae8 13. O-O Bxf4 14. gxf4 Nf6 15. e4 dxe4 16. dxe4 Nd4 17. Nf3 Qxf4 18. Nxd4 Qe3+ 19. Rf2 cxd4 20. Bxd4 Qg5 21. Qf3 Nh5 22. Kh2 f5 23. exf5 Rxf5 24. Qxb7 Qg3+ 25. Kg1 Bd5 26. Qxg7+ Qxg7 27. Bxg7 Rxf2 28. Bxd5+ Kxg7 29. Kxf2 Nf6 30. Rg1+ Kh8 {White forfeits on time} 0-1

[Event "FICS rated blitz game"]
[Site "FICS freechess.org"]
[FICSGamesDBGameNo "20002000"]
[White "luxlogica"]
[Black "MaStErSpOcK"]
[WhiteElo "1482"]
[BlackElo "1632"]
[WhiteRD "na"]
[BlackRD "na"]
[TimeControl "180+12"]
[Date "1999.09.22"]
[Time "12:02:00"]
[WhiteClock "0:03:00.000"]
[BlackClock "0:03:00.000"]
[ECO "B46"]
[PlyCount "56"]
[Result "0-1"]

1. e4 c5 2. Nf3 Nc6 3. Nc3 e6 4. d4 cxd4 5. Nxd4 a6 6. Be3 Bb4 7. Ne2 Nf6 8. f3 O-O 9. a3 Be7 10. Qd2 b5 11. b4 d6 12. Nc1 Bb7 13. Bd3 Rc8 14. O-O Ne5 15. f4 Nc4 16. Bxc4 Rxc4 17. e5 Ne4 18. Nxe4 Bxe4 19. c3 Qc7 20. exd6 Bxd6 21. Bd4 Rc8 22. Ne2 Qc6 23. g3 f6 24. Rac1 Bf5 25. Rc2 Bh3 26. Nc1 Bxf1 27. Kxf1 Qh1+ 28. Kf2 e5 {White resigns} 0-1

[Event "FICS rated blitz game"]
[Site "FICS freechess.org"]
[FICSGamesDBGameNo "20001999"]
[White "hpoli"]
[Black "daredevil"]
[WhiteElo "1565"]
[BlackElo "1306"]
[WhiteRD "na"]
[BlackRD "na"]
[TimeControl "300+12"]
[Date "1999.09.22"]
[Time "11:41:00"]
[WhiteClock "0:05:00.000"]
[BlackClock "0:05:00.000"]
[ECO "D26"]
[PlyCount "112"]
[Result "0-1"]

1. d4 d5 2. c4 dxc4 3. Nf3 Nf6 4. e3 e6 5. Bxc4 a6 6. O-O b5 7. Bd3 Bb7 8. Nbd2 Nbd7 9. a3 c5 10. dxc5 Nxc5 11. Be2 Be7 12. b4 Na4 13. Rb1 Rc8 14. Bb2 O-O 15. Nd4 Nd5 16. Qb3 Ndc3 17. Bxc3 Nxc3 18. Rbe1 Nxe2+ 19. Rxe2 Bd5 20. Qb1 Bh4 21. Ree1 f5 22. Rc1 Qe7 23. Rxc8 Rxc8 24. Rc1 Rxc1+ 25. Qxc1 h6 26. N2f3 Bxf3 27. Nxf3 Bf6 28. Qc8+ Kf7 29. Qxa6 Qd7 30. g3 g5 31. h4 g4 32. Nh2 Qd1+ 33. Nf1 Qd7 34. Qa8 e5 35. Kg2 h5 36. e4 f4 37. Qd5+ Qxd5 38. exd5 f3+ 39. Kg1 e4 40. Nd2 Bb2 41. Nb1 Ke7 42. Kf1 Kd6 43. Ke1 Kxd5 44. Kd1 Kd4 45. Kc2 Ba1 46. Kd2 Kc4 47. Ke3 Kd5 48. Kf4 Be5+ 49. Ke3 Bd4+ 50. Kd2 Bxf2 51. Nc3+ Ke5 52. Nxe4 Kxe4 53. a4 bxa4 54. b5 Bb6 55. Ke1 a3 56. Kf1 a2 {White resigns} 0-1

[Event "FICS rated lightning game"]
[Site "FICS freechess.org"]
[FICSGamesDBGameNo "20001998"]
[White "worldsong"]
[Black "Wooky"]
[WhiteElo "1770"]
[BlackElo "1972"]
[WhiteRD "na"]
[BlackRD "na"]
[TimeControl "120+0"]
[Date "1999.09.22"]
[Time "10:01:00"]
[WhiteClock "0:02:00.000"]
[BlackClock "0:02:00.000"]
[ECO "C00"]
[PlyCount "97"]
[Result "0-1"]

1. e4 e6 2. d4 c5 3. d5 exd5 4. exd5 d6 5. c4 Nf6 6. Nf3 Be7 7. Be2 O-O 8. O-O Na6 9. Nc3 Nc7 10. a3 a6 11. a4 b6 12. Qb3 Rb8 13. Bg5 Bd7 14. Bxf6 Bxf6 15. Ne4 Be7 16. Rfe1 b5 17. axb5 axb5 18. cxb5 Nxb5 19. Bxb5 Bxb5 20. Qc2 Bd7 21. Ra7 Bf5 22. Qd2 Kh8 23. Nxc5 dxc5 24. Rexe7 Bg6 25. Ne5 Ra8 26. Nc6 Qb6 27. h4 Rxa7 28. Rxa7 c4 29. Qc3 Qc5 30. Ra5 Qb6 31. Qb4 Qxb4 32. Nxb4 Be4 33. Rc5 Bd3 34. d6 Rd8 35. Rc6 h6 36. Rb6 Kg8 37. d7 Rxd7 38. Rb8+ Kh7 39. Rc8 g6 40. Rc5 Kg7 41. g4 Re7 42. f4 Re1+ 43. Kf2 Re2+ 44. Kg3 Rxb2 45. f5 gxf5 46. gxf5 Bxf5 47. Nd5 Bd3 48. Nf4 Rb3 49. Nh5+ {White forfeits on time} 0-1

[Event "FICS rated blitz game"]
[Site "FICS freechess.org"]
[FICSGamesDBGameNo "20001997"]
[White "xnandrie"]
[Black "Ieuan"]
[WhiteElo "1273"]
[BlackElo "1397"]
[WhiteRD "na"]
[BlackRD "na"]
[TimeControl "480+0"]
[Date "1999.09.22"]
[Time "08:20:00"]
[WhiteClock "0:08:00.000"]
[BlackClock "0:08:00.000"]
[ECO "B20"]
[PlyCount "76"]
[Result "0-1"]

1. e4 c5 2. Bc4 e6 3. c3 Nc6 4. Nf3 g6 5. O-O Bg7 6. Re1 Nge7 7. d4 cxd4 8. cxd4 O-O 9. e5 d5 10. Bd3 a6 11. a3 b5 12. Bg5 Bb7 13. Nbd2 Rc8 14. Nb3 h6 15. Bh4 Nf5 16. Bxd8 Rcxd8 17. Bxf5 exf5 18. Nc5 Bc8 19. a4 b4 20. b3 a5 21. Qd3 Rfe8 22. Qb5 Ne7 23. Qxa5 Bf8 24. Qxb4 Nc6 25. Qc3 Be6 26. b4 Rb8 27. b5 Na7 28. Reb1 Rec8 29. b6 Nc6 30. a5 Nxe5 31. dxe5 Rxc5 32. Qd4 Kh7 33. a6 Bc8 34. a7 Ra8 35. b7 Bxb7 36. Rxb7 Kg7 37. Rb8 Rxa7 38. Rxa7 Rc1+ {White forfeits on time} 0-1

[Event "FICS rated blitz game"]
[Site "FICS freechess.org"]
[FICSGamesDBGameNo "20001996"]
[White "sportsfreund"]
[Black "tzuigt"]
[WhiteElo "1877"]
[BlackElo "1862"]
[WhiteRD "na"]
[BlackRD "na"]
[TimeControl "180+0"]
[Date "1999.09.22"]
[Time "06:22:00"]
[WhiteClock "0:03:00.000"]
[BlackClock "0:03:00.000"]
[ECO "C05"]
[PlyCount "49"]
[Result "1-0"]

1. e4 e6 2. d4 d5 3. Nd2 Nf6 4. e5 Nfd7 5. f4 c5 6. c3 Nc6 7. Ndf3 cxd4 8. cxd4 Be7 9. Bd3 Qb6 10. Ne2 O-O 11. O-O f6 12. Kh1 fxe5 13. fxe5 Rf7 14. Ng3 Nf8 15. a3 Bd7 16. b4 a5 17. b5 Na7 18. a4 Rc8 19. Bb2 Bb4 20. Nh4 Bc3 21. Bxc3 Rxc3 22. Rxf7 Kxf7 23. Qh5+ Kg8 24. Rf1 g6 25. Bxg6 {Black resigns} 1-0

[Event "FICS rated blitz game"]
[Site "FICS freechess.org"]
[FICSGamesDBGameNo "20001995"]
[White "Meadeb"]
[Black "vinoo"]
[WhiteElo "1512"]
[BlackElo "1345"]
[WhiteRD "na"]
[BlackRD "na"]
[TimeControl "120+12"]
[Date "1999.09.22"]
[Time "06:05:00"]
[WhiteClock "0:02:00.000"]
[BlackClock "0:02:00.000"]
[ECO "C89"]
[PlyCount "69"]
[Result "1-0"]

1. e4 e5 2. Nf3 Nc6 3. Bb5 a6 4. Ba4 Nf6 5. O-O Be7 6. Re1 b5 7. Bb3 O-O 8. c3 d5 9. exd5 Nxd5 10. Nxe5 Nxe5 11. Rxe5 c6 12. d4 Bd6 13. Re1 Qh4 14. g3 Qh3 15. Re4 Qf5 16. Bc2 Qf6 17. Rh4 Bf5 18. Nd2 g5 19. Rh5 Bg6 20. Bxg6 fxg6 21. Ne4 Qf5 22. Rxg5 Qxe4 23. Rg4 Qf5 24. Qe2 Nf6 25. Rg5 Qh3 26. Bf4 Bxf4 27. gxf4 Rae8 28. Re5 Rxe5 29. dxe5 Ng4 30. f3 Nh6 31. e6 Rxf4 32. e7 Kf7 33. e8=Q+ Kf6 34. Qh8+ Kg5 35. Qg2+ {Black resigns} 1-0

[Event "FICS rated blitz game"]
[Site "FICS freechess.org"]
[FICSGamesDBGameNo "20001994"]
[White "Masalanka"]
[Black "TallTimber"]
[WhiteElo "1582"]
[BlackElo "1511"]
[WhiteRD "na"]
[BlackRD "na"]
[TimeControl "120+12"]
[Date "1999.09.22"]
[Time "05:33:00"]
[WhiteClock "0:02:00.000"]
[BlackClock "0:02:00.000"]
[ECO "A05"]
[PlyCount "126"]
[Result "0-1"]

1. Nf3 Nf6 2. g3 g6 3. Bg2 Bg7 4. O-O O-O 5. d3 d6 6. Nbd2 e5 7. e4 Nbd7 8. c3 c6 9. Qc2 a5 10. a4 Rb8 11. Nc4 Qc7 12. Be3 b5 13. axb5 cxb5 14. Nxa5 b4 15. h3 Ba6 16. Nb3 Bb5 17. Ra7 Qc6 18. Rfa1 Rfc8 19. Na5 Bxd3 20. Qd2 Qb5 21. Nb3 bxc3 22. bxc3 Bxe4 23. Qxd6 Qxb3 24. Rxd7 Nxd7 25. Qxd7 Rxc3 26. Ra7 Rxe3 27. fxe3 Qxe3+ 28. Kh2 Rf8 29. Nh4 Qf2 30. Ra4 Bxg2 31. Nxg2 Qc2 32. h4 e4 33. Kh3 Qc8 34. Qxc8 Rxc8 35. Rxe4 h5 36. Ne3 Rc3 37. Nd5 Ra3 38. Re8+ Kh7 39. Nf4 f6 40. Re7 Ra8 41. Ne6 Rg8 42. Kg2 Kh6 43. Kf3 g5 44. Ke4 Bf8 45. Nxf8 Rxf8 46. hxg5+ fxg5 47. Re6+ Kg7 48. Ke5 h4 49. Re7+ Kg6 50. Re6+ Kh5 51. gxh4 Kxh4 52. Rh6+ Kg3 53. Ke4 g4 54. Ra6 Kg2 55. Ra2+ Rf2 56. Ra1 g3 57. Ke3 Rf1 58. Ra2+ Kg1 59. Ra4 g2 60. Rh4 Rf8 61. Ke2 Re8+ 62. Kd1 Kf2 63. Rf4+ Kg3 {White resigns} 0-1

[Event "FICS rated lightning game"]
[Site "FICS freechess.org"]
[FICSGamesDBGameNo "20001993"]
[White "postbode"]
[Black "nader"]
[WhiteElo "1982"]
[BlackElo "1776"]
[WhiteRD "na"]
[BlackRD "na"]
[TimeControl "60+0"]
[Date "1999.09.22"]
[Time "04:49:00"]
[WhiteClock "0:01:00.000"]
[BlackClock "0:01:00.000"]
[ECO "C00"]
[PlyCount "51"]
[Result "1-0"]

1. e4 e6 2. Nf3 b6 3. d4 Bb7 4. Nc3 Bb4 5. a3 Bxc3+ 6. bxc3 Bxe4 7. Bc4 Nf6 8. O-O O-O 9. Ne5 d6 10. Nd3 a6 11. Re1 Bb7 12. Bg5 b5 13. Bb3 h6 14. Bh4 Nbd7 15. Bg3 Rc8 16. Qe2 Re8 17. Rad1 e5 18. dxe5 Ng4 19. e6 fxe6 20. Qxg4 Ne5 21. Bxe5 dxe5 22. Nxe5 Qf6 23. Nf3 Bxf3 24. Qxf3 Qxf3 25. gxf3 c5 26. Bxe6+ {Black resigns} 1-0

[Event "FICS rated lightning game"]
[Site "FICS freechess.org"]
[FICSGamesDBGameNo "20001992"]
[White "firestorm"]
[Black "randomizer"]
[WhiteElo "1619"]
[BlackElo "1554"]
[WhiteRD "na"]
[BlackRD "na"]
[TimeControl "120+0"]
[Date "1999.09.22"]
[Time "04:24:00"]
[WhiteClock "0:02:00.000"]
[BlackClock "0:02:00.000"]
[ECO "C28"]
[PlyCount "76"]
[Result "0-1"]

1. e4 e5 2. Nf3 Nc6 3. Bc4 Nf6 4. Nc3 Bb4 5. d3 O-O 6. h3 d5 7. exd5 Nxd5 8. O-O Nxc3 9. bxc3 Bxc3 10. Rb1 b6 11. Rb3 Bd4 12. Nxd4 Nxd4 13. Rb1 Bb7 14. c3 Nc6 15. Be3 Na5 16. Bb3 e4 17. d4 Nxb3 18. axb3 Qf6 19. c4 Qg6 20. d5 c6 21. d6 Rad8 22. c5 bxc5 23. Bxc5 Qf5 24. b4 Rd7 25. Qd2 a5 26. Qe3 axb4 27. Rxb4 Re8 28. Rfb1 Ba6 29. Rb8 Rdd8 30. Rxd8 Rxd8 31. Rb6 Bb5 32. Rb7 Qd5 33. Re7 Qd1+ 34. Kh2 Qd5 35. Rxe4 f5 36. Re8+ Kf7 37. Re7+ Kg6 38. h4 Qe5+ {White forfeits on time} 0-1

[Event "FICS rated blitz game"]
[Site "FICS freechess.org"]
[FICSGamesDBGameNo "20001991"]
[White "Gpoint"]
[Black "gauss"]
[WhiteElo "1920"]
[BlackElo "1910"]
[WhiteRD "na"]
[BlackRD "na"]
[TimeControl "180+0"]
[Date "1999.09.22"]
[Time "03:03:00"]
[WhiteClock "0:03:00.000"]
[BlackClock "0:03:00.000"]
[ECO "B91"]
[PlyCount "68"]
[Result "0-1"]

1. e4 c5 2. Nf3 d6 3. d4 cxd4 4. Nxd4 Nf6 5. Nc3 a6 6. g3 e5 7. Nde2 Be7 8. Bg2 O-O 9. O-O Nbd7 10. h3 b5 11. g4 Bb7 12. Ng3 Re8 13. g5 Nxe4 14. Ncxe4 Qc7 15. Nf5 Bf8 16. Qg4 d5 17. Nf6+ gxf6 18. gxf6+ Kh8 19. Qh4 Re6 20. Bg5 Qxc2 21. Nh6 Qg6 22. Ng4 Rc8 23. f4 exf4 24. Rxf4 Rc2 25. Raf1 Bd6 26. Rf5 Ree2 27. Bxd5 Bxd5 28. Rxd5 Qe4 29. Nf2 Rxf2 30. Rxf2 Qe1+ 31. Kg2 Rxf2+ 32. Qxf2 Qe4+ 33. Qf3 Qc2+ 34. Rd2 Qg6 {White forfeits on time} 0-1

[Event "FICS rated lightning game"]
[Site "FICS freechess.org"]
[FICSGamesDBGameNo "20001990"]
[White "OrangOetan"]
[Black "VanDeLaar"]
[WhiteElo "1593"]
[BlackElo "1892"]
[WhiteRD "na"]
[BlackRD "na"]
[TimeControl "60+0"]
[Date "1999.09.22"]
[Time "02:45:00"]
[WhiteClock "0:01:00.000"]
[BlackClock "0:01:00.000"]
[ECO "A00"]
[PlyCount "44"]
[Result "0-1"]

1. b4 e6 2. Bb2 d5 3. e3 Nf6 4. a3 c5 5. c4 cxb4 6. axb4 Bxb4 7. Nc3 Nc6 8. Nf3 dxc4 9. Bxc4 O-O 10. O-O Bd6 11. Bb3 Bb8 12. Qc2 Bd7 13. Ng5 h6 14. Nce4 hxg5 15. Nxg5 g6 16. Qc4 Qc7 17. Qh4 Nh5 18. f4 Ne7 19. g4 Nf5 20. gxf5 exf5 21. Bd1 f6 22. Bxh5 fxg5 {White forfeits on time} 0-1

[Event "FICS rated lightning game"]
[Site "FICS freechess.org"]
[FICSGamesDBGameNo "20001989"]
[White "TheDestroyer"]
[Black "theprof"]
[WhiteElo "1372"]
[BlackElo "1496"]
[WhiteRD "na"]
[BlackRD "na"]
[TimeControl "60+2"]
[Date "1999.09.22"]
[Time "00:51:00"]
[WhiteClock "0:01:00.000"]
[BlackClock "0:01:00.000"]
[ECO "A00"]
[PlyCount "100"]
[Result "1-0"]

1. e3 c5 2. b3 a6 3. Bb2 Nc6 4. Nf3 e6 5. d4 cxd4 6. Nxd4 Nf6 7. Nxc6 bxc6 8. Nd2 Bb4 9. Qe2 Qa5 10. O-O-O Ba3 11. Nc4 Bxb2+ 12. Kxb2 Qc7 13. f4 d5 14. Ne5 Ne4 15. g4 f6 16. Nd3 a5 17. a4 Ba6 18. Qg2 Bxd3 19. Bxd3 Nd6 20. f5 e5 21. g5 e4 22. Be2 Nxf5 23. gxf6 Nxe3 24. fxg7 Nxd1+ 25. Rxd1 Rg8 26. Rg1 O-O-O 27. Bg4+ Kb8 28. Qg3 Qxg3 29. Rxg3 Rxg7 30. Kc3 h5 31. Bxh5 Rxg3+ 32. hxg3 Rf8 33. g4 Rf3+ 34. Kd4 Rg3 35. Kc5 Kc7 36. Kd4 Rg2 37. Ke3 Rxc2 38. g5 Rg2 39. g6 Rg5 40. Kf4 Rg1 41. Kf5 e3 42. Be2 d4 43. Bd3 c5 44. Kf6 Kd6 45. Kf7 Rf1+ 46. Bxf1 d3 47. Bxd3 Ke5 48. g7 Kd4 49. Bc4 Kc3 50. g8=Q Kb4 {Black resigns} 1-0

[Event "FICS rated blitz game"]
[Site "FICS freechess.org"]
[FICSGamesDBGameNo "20001988"]
[White "timp"]
[Black "Omeg"]
[WhiteElo "1144"]
[BlackElo "1145"]
[WhiteRD "na"]
[BlackRD "na"]
[TimeControl "120+12"]
[Date "1999.09.22"]
[Time "00:08:00"]
[WhiteClock "0:02:00.000"]
[BlackClock "0:02:00.000"]
[ECO "B32"]
[PlyCount "166"]
[Result "0-1"]

1. e4 c5 2. Nf3 Nc6 3. d4 cxd4 4. Nxd4 e5 5. Nf3 d6 6. Bc4 Bg4 7. Qd5 Nh6 8. Bxh6 Be6 9. Qb5 Qa5+ 10. Qxa5 Nxa5 11. Bb5+ Bd7 12. Bxd7+ Kxd7 13. Bd2 Nc4 14. O-O h5 15. b3 Nxd2 16. Nbxd2 g5 17. Nc4 g4 18. Ng5 f6 19. Nf7 Rh7 20. Nfxe5+ fxe5 21. Rad1 h4 22. Nxe5+ Ke6 23. Nxg4 Be7 24. f4 Kd7 25. Ne5+ Kc7 26. Ng6 Bf6 27. e5 Bd8 28. Rxd6 h3 29. g3 Be7 30. Nxe7 Rxe7 31. Rd4 a5 32. Rf3 Kb8 33. Rfd3 Ka7 34. Rd5 b6 35. Rc3 Ka6 36. Rc6 Rb8 37. a3 Ree8 38. b4 Red8 39. Rxa5+ Kb7 40. Rh6 Rd1+ 41. Kf2 Rd2+ 42. Ke3 Rxh2 43. Rh7+ Kc6 44. e6 Rxc2 45. b5+ Kd6 46. f5 bxa5 47. e7 h2 48. Rh6+ Kxe7 49. Rh7+ Kd6 50. Kd3 Rbc8 51. a4 Ke5 52. Rf7 h1=Q 53. Re7+ Kf6 54. Re6+ Kxf5 55. Ra6 Qf1+ 56. Ke3 Qg1+ 57. Kd3 R2c3+ 58. Kd2 R3c7 59. b6 Rb7 60. Rxa5+ Kg4 61. Rb5 Qg2+ 62. Ke3 Qxg3+ 63. Ke4 Re8+ 64. Kd5 Qe5+ 65. Kc6 Re6+ 66. Kxb7 Qe4+ 67. Ka6 Qxa4+ 68. Ra5 Qc4+ 69. Ka7 Qd4 70. Rb5 Re7+ 71. Ka6 Qa4+ 72. Ra5 Qc4+ 73. Rb5 Re6 74. Ka5 Qc3+ 75. Ka6 Rd6 76. Ra5 Qc4+ 77. Rb5 Rd5 78. b7 Rxb5 79. Ka7 Qb4 80. Ka8 Kf5 81. Kb8 Rxb7+ 82. Kc8 Ke5 83. Kd8 Qf8# {White checkmated} 0-1

[Event "FICS rated lightning game"]
[Site "FICS freechess.org"]
[FICSGamesDBGameNo "20001987"]
[White "GoldFish"]
[Black "ghee(FM)"]
[WhiteElo "2017"]
[BlackElo "2033"]
[WhiteRD "na"]
[BlackRD "na"]
[TimeControl "120+0"]
[Date "1999.09.21"]
[Time "21:53:00"]
[WhiteClock "0:02:00.000"]
[BlackClock "0:02:00.000"]
[ECO "A00"]
[PlyCount "88"]
[Result "0-1"]

1. e3 c5 2. b3 d5 3. Bb2 Nf6 4. Bb5+ Bd7 5. Bxd7+ Nbxd7 6. f4 e6 7. Nf3 Be7 8. O-O O-O 9. Ne5 Rc8 10. d3 c4 11. dxc4 Qb6 12. Bd4 Bc5 13. cxd5 Nxe5 14. fxe5 Nxd5 15. c4 Nxe3 16. Bxe3 Bxe3+ 17. Kh1 Bd4 18. Nd2 Bxa1 19. Qxa1 Rcd8 20. Nf3 Qe3 21. Qc1 Qxc1 22. Rxc1 Rd3 23. Kg1 Rfd8 24. Kf2 h6 25. Ke2 g5 26. h3 Kg7 27. Rc2 Kg6 28. Rc1 Kf5 29. Rf1 Ke4 30. Rc1 b6 31. Re1 Re3+ 32. Kf2 Rxe1 33. Kxe1 a5 34. Ke2 Rd3 35. Ne1 Rc3 36. Kd2 Rg3 37. Ke2 Kxe5 38. Kf2 Rc3 39. Ke2 Ke4 40. Kd2 Rg3 41. Ke2 f5 42. Kf2 f4 43. Ke2 h5 44. Nf3 Rxg2+ {White resigns} 0-1

[Event "FICS rated blitz game"]
[Site "FICS freechess.org"]
[FICSGamesDBGameNo "20001986"]
[White "eegs"]
[Black "dgilchrist"]
[WhiteElo "1151"]
[BlackElo "1532"]
[WhiteRD "na"]
[BlackRD "na"]
[TimeControl "180+0"]
[Date "1999.09.21"]
[Time "21:17:00"]
[WhiteClock "0:03:00.000"]
[BlackClock "0:03:00.000"]
[ECO "B23"]
[PlyCount "48"]
[Result "0-1"]

1. e4 c5 2. Nc3 Nc6 3. Qh5 d6 4. Bb5 g6 5. Qf3 Bg7 6. Bxc6+ bxc6 7. d3 Nf6 8. Bd2 Bg4 9. Qg3 Qd7 10. Nge2 Nh5 11. Qe3 O-O 12. O-O f5 13. exf5 Rxf5 14. Ne4 Re5 15. f3 d5 16. Nxc5 Qc7 17. Qf2 Bc8 18. d4 Rxe2 19. Qxe2 Bxd4+ 20. Be3 Nf4 21. Qf2 Bxe3 22. Qxe3 Qb6 23. Qxe7 Ne6 24. Qe8+ Kg7 {White forfeits on time} 0-1

[Event "FICS rated blitz game"]
[Site "FICS freechess.org"]
[FICSGamesDBGameNo "20001985"]
[White "Morovisk"]
[Black "jock"]
[WhiteElo "1750"]
[BlackElo "1802"]
[WhiteRD "na"]
[BlackRD "na"]
[TimeControl "180+0"]
[Date "1999.09.21"]
[Time "20:42:00"]
[WhiteClock "0:03:00.000"]
[BlackClock "0:03:00.000"]
[ECO "C00"]
[PlyCount "88"]
[Result "0-1"]

1. e4 e6 2. Nf3 c5 3. e5 d5 4. b4 c4 5. a3 a5 6. b5 a4 7. d3 Qa5+ 8. Bd2 Qxb5 9. dxc4 dxc4 10. Be2 Nc6 11. O-O Nxe5 12. Nd4 Qd5 13. c3 Bc5 14. Be3 Nf6 15. Re1 O-O 16. Nd2 Nd3 17. Bf3 Qd7 18. Rf1 Nd5 19. Nxc4 Nxe3 20. fxe3 e5 21. Qxd3 exd4 22. exd4 Ba7 23. Ne5 Qc7 24. Bd5 Be6 25. Be4 h6 26. Rab1 Rab8 27. Kh1 Rfd8 28. Bh7+ Kh8 29. Nxf7+ Bxf7 30. Be4 Bc4 31. Qe3 Bxf1 32. Rxf1 Rf8 33. Re1 b5 34. Qg3 Qxg3 35. hxg3 Rfc8 36. Re3 Rc7 37. Kg1 Re8 38. Kf2 Rce7 39. Kf3 Bb8 40. g4 Rf8+ 41. Ke2 Rf4 42. Kd3 Rxg4 43. g3 Rgxe4 44. d5 Rxe3+ {White forfeits on time} 0-1

[Event "FICS rated blitz game"]
[Site "FICS freechess.org"]
[FICSGamesDBGameNo "20001983"]
[White "Fcorego"]
[Black "snob"]
[WhiteElo "1550"]
[BlackElo "1455"]
[WhiteRD "na"]
[BlackRD "na"]
[TimeControl "180+0"]
[Date "1999.09.21"]
[Time "18:12:00"]
[WhiteClock "0:03:00.000"]
[BlackClock "0:03:00.000"]
[ECO "D07"]
[PlyCount "43"]
[Result "1-0"]

1. d4 d5 2. Nf3 Nc6 3. c4 Bg4 4. Nc3 Bxf3 5. exf3 dxc4 6. Bxc4 Nxd4 7. O-O e6 8. Qa4+ c6 9. Rd1 Bc5 10. Be3 e5 11. Bxf7+ Kxf7 12. Qc4+ Ne6 13. Rxd8 Rxd8 14. Bxc5 Nf6 15. Ne4 Nd5 16. Bxa7 Rhe8 17. Bc5 Kg8 18. Nd6 Rf8 19. Nxb7 Rd7 20. Bxf8 Kxf8 21. Nc5 Nd4 22. Nxd7+ {Black resigns} 1-0